[Event "Early-Titled-Tuesday-Blitz-February-27-2024"]
[Site "Chess.com"]
[Date "2024.02.27"]
[Round "9"]
[White "chesstrainer2042"]
[Black "nicolasbatista3"]
[Result "1-0"]
[WhiteElo "2569"]
[BlackElo "2422"]
[TimeControl "180+1"]
[EndTime "9:42:05 PST"]
[Termination "chesstrainer2042 won by resignation"]

1. c4 c6 2. Nf3 d5 3. d4 Nf6 4. Nc3 e6 5. e3 Bd6 6. Qc2 O-O 7.
Bd3 dxc4 8. Bxc4 b5 9. Bd3 Bb7 10. e4 Be7 11. e5 Nd5 12. Bxh7+ Kh8 13. Be4 Nd7 14. h4 f5 15. exf6 N7xf6 16. Ne5 Nxe4 17. Qxe4 Kg8 18. Ng6 Rf6 19. Bg5 Rf7 20. Nxd5 cxd5 21. Qxe6 Bxg5 22. hxg5 Qa5+ 23. Kf1 1-0

[Event "Early-Titled-Tuesday-Blitz-February-27-2024"]
[Site "Chess.com"]
[Date "2024.02.27"]
[Round "9"]
[White "emeli_chess"]
[Black "Heinza9"]
[Result "1-0"]
[WhiteElo "2442"]
[BlackElo "2332"]
[TimeControl "180+1"]
[EndTime "9:42:16 PST"]
[Termination "emeli_chess won by resignation"]

1. d4 f5 2. e4 fxe4 3. Nc3 Nf6 4. Bg5 Nc6 5. d5 Ne5 6. Qe2 c6 7. f4 Nf7 8. Bxf6 gxf6 9. Nxe4 Bg7 10. d6 f5 11. Ng5 e6 12. Nxf7 Kxf7 13. O-O-O Qf6 14. c3 Re8 15. Nf3 b6 16. Ne5+ Kg8 17. g4 fxg4 18.
Qxg4 Qf5 19. Rg1 Qxg4 20. Rxg4 Kf8 21. Bd3 Bxe5 22. fxe5 1-0

[Event "Early-Titled-Tuesday-Blitz-February-27-2024"]
[Site "Chess.com"]
[Date "2024.02.27"]
[Round "9"]
[White "dropstoneDP"]
[Black "VinzentSpitzl"]
[Result "1-0"]
[WhiteElo "2991"]
[BlackElo "2526"]
[TimeControl "180+1"]
[EndTime "9:42:19 PST"]
[Termination "dropstoneDP won by checkmate"]

1. e4 c5 2. Nf3 d6 3. d4 cxd4 4. Nxd4 Nf6 5. Nc3 a6 6. Bd3 e5 7. Nde2 Nc6 8. O-O Be7 9. Ng3 O-O 10. Nd5 Nxd5 11. exd5 Nb4 12. Bf5 a5 13. c3 Na6 14.
f4 Bxf5 15. Nxf5 e4 16. Qd4 Bf6 17. Qxe4 Nc5 18. Qc2 g6 19. Nh6+ Kg7 20. Ng4 Re8 21. f5 g5 22. Be3 Nd7 23. Rae1 Ne5 24. Nxf6 Qxf6 25. a4 Re7 26. Bd4 Rae8 27. Re4 h5 28. Kh1 Kh6 29. Qe2 g4 30. Qb5 Qh4 31.
f6 Nf3 32. gxf3 Rxe4 33. fxe4 g3 34. Qe2 Rxe4 35. Qd2+ Kh7 36. Qg2 gxh2 37. Qg7# 1-0

[Event "Early-Titled-Tuesday-Blitz-February-27-2024"]
[Site "Chess.com"]
[Date "2024.02.27"]
[Round "9"]
[White "JJDAREK"]
[Black "WilsonPalencia21"]
[Result "0-1"]
[WhiteElo "2420"]
[BlackElo "2565"]
[TimeControl "180+1"]
[EndTime "9:42:19 PST"]
[Termination "WilsonPalencia21 won by checkmate"]

1. d4 Nf6 2. Nf3 c5 3. d5 g6 4. c4 d6 5. Nc3 Bg7 6. h3 O-O 7. e4 e6 8. Bg5 exd5 9. cxd5 h6 10. Be3 a6 11. a4 Re8 12. Bd3 Nbd7 13. O-O Nh5 14. Qd2 Kh7 15. g4 Nhf6 16. Bf4 Ne5 17. Nxe5 dxe5 18. Be3 h5 19. f3 Nd7 20. Kg2 Rb8 21. Rg1 Qc7 22. gxh5 gxh5 23. Kh2 Nf6 24. Rxg7+ Kxg7 25. Bh6+ Kh7 26. Qg5 Rg8 27. Qxf6 Rg6 28. d6 Qd7 29. Qxe5 Qxh3# 0-1

[Event "Early-Titled-Tuesday-Blitz-February-27-2024"]
[Site "Chess.com"]
[Date "2024.02.27"]
[Round "9"]
[White "picturesquecheck"]
[Black "falzehope0"]
[Result "0-1"]
[WhiteElo "2450"]
[BlackElo "2357"]
[TimeControl "180+1"]
[EndTime "9:42:19 PST"]
[Termination "falzehope0 won by resignation"]

1. e4 e6 2. d4 d5 3. Nd2 f5 4.
exf5 exf5 5. Ngf3 Nf6 6. Bd3 Bd6 7. O-O O-O 8. Ne5 c6 9. c3 Nbd7 10. Re1 Ne4 11. Ndf3 Qf6 12. Bf4 Bb8 13. Nxd7 Bxd7 14. Bxb8 Raxb8 15. Ne5 Be8 16. f3 Ng5 17. Qd2 Qh6 18. Qf2 Ne6 19. g3 Ng5 20. Bf1 f4 21. g4 Nh3+ 22. Bxh3 Qxh3 23. Qg2 Qh4 24. Nd3 h5 25. h3 hxg4 26. hxg4 Bg6 27. Nc5 Rfe8 28. Nd7 Rxe1+ 29. Rxe1 Qxe1+ 30. Kh2 0-1

[Event "Early-Titled-Tuesday-Blitz-February-27-2024"]
[Site "Chess.com"]
[Date "2024.02.27"]
[Round "9"]
[White "ReadySkate"]
[Black "eightbyeightchess"]
[Result "1-0"]
[WhiteElo "2553"]
[BlackElo "2416"]
[TimeControl "180+1"]
[EndTime "9:42:21 PST"]
[Termination "ReadySkate won by resignation"]

1. d4 Nf6 2. c4 g6 3. Nc3 Bg7 4. e4 d6 5. Be2 O-O 6. Bg5 c6 7. Qd2 e5 8. d5 cxd5 9. cxd5 Qa5 10.
Nf3 Bg4 11. O-O Bxf3 12. Bxf3 Nbd7 13. Be3 b5 14. a3 Rac8 15. Rfc1 Nb6 16. b4 Qa6 17. Bxb6 Qxb6 18. Ne2 h5 19. g3 Nd7 20.
Rxc8 Rxc8 21. Rc1 Qb8 22. Rc6 Nb6 23. Qc2 Nc4 24. a4 Rxc6 25. dxc6 a6 26. Nc3 Nb6 27. a5 Nc8 28. Nd5 Kf8 29. g4 hxg4 30. Bxg4 Ke8 31. Bd7+ Kf8 32. c7 Qb7 33. Bxc8 Qxc8 34. Nb6 Qg4+ 35.
Kf1 Qh3+ 36. Ke1 1-0

[Event "Early-Titled-Tuesday-Blitz-February-27-2024"]
[Site "Chess.com"]
[Date "2024.02.27"]
[Round "9"]
[White "dosto07"]
[Black "ScofieldMichael01"]
[Result "0-1"]
[WhiteElo "2488"]
[BlackElo "2598"]
[TimeControl "180+1"]
[EndTime "9:42:31 PST"]
[Termination "ScofieldMichael01 won by checkmate"]

1. e4 e6 2. d4 d5 3. Nd2 Nf6 4. e5 Nfd7 5. Bd3 c5 6. c3 Nc6 7. Ne2 cxd4 8. cxd4 f6 9. exf6 Nxf6 10. Nf3 Bd6 11. O-O Qc7 12. Bg5 O-O 13. Bh4 Nh5 14. Bg3 Nxg3 15. hxg3 Bd7 16. Rc1 Rf6 17. Nc3 a6 18. Bb1 Raf8 19. Qd3 g6 20. a3 b5 21. Ne2 Qb6 22. Ba2 b4 23. Nd2 a5 24. a4 b3 25. Qxb3 Nxd4 26. Qxb6 Nxe2+ 27. Kh2 g5 28. Nf3 Rh6+ 29. Nh4 Rxh4# 0-1

[Event "Early-Titled-Tuesday-Blitz-February-27-2024"]
[Site "Chess.com"]
[Date "2024.02.27"]
[Round "9"]
[White "sotochess"]
[Black "kids2010"]
[Result "1-0"]
[WhiteElo "2645"]
[BlackElo "2868"]
[TimeControl "180+1"]
[EndTime "9:42:33 PST"]
[Termination "sotochess won by resignation"]

1. e4 c6 2. d4 d5 3. f3 Qb6 4. Nc3 e5 5. Nge2 exd4 6. Qxd4 Qxd4 7. Nxd4 dxe4 8. Nxe4 Nd7 9. Bf4 Ngf6 10. Nd6+ Bxd6 11. Bxd6 b6 12. Nxc6 Bb7 13. Nd4 a6 14. O-O-O O-O-O 15. Nf5 Nc5 16. Ne7+ Kd7 17. Bxc5+ Ke6 18. Bc4+ 1-0

[Event "Early-Titled-Tuesday-Blitz-February-27-2024"]
[Site "Chess.com"]
[Date "2024.02.27"]
[Round "9"]
[White "balack95"]
[Black "rcmz"]
[Result "1-0"]
[WhiteElo "2468"]
[BlackElo "2191"]
[TimeControl "180+1"]
[EndTime "9:42:38 PST"]
[Termination "balack95 won by resignation"]

1. Nf3 d6 2. e3 e5 3. b3 e4 4. Nd4 c5 5. Bb5+ Bd7 6. Bxd7+ Qxd7 7. Ne2 d5 8. O-O Qg4 9. Bb2 Nd7 10. Nbc3 Ngf6 11. Nf4 Qxd1 12. Raxd1 Nb6 13. a4 a5 14. Nb5 Kd7 15. d3 exd3 16. Rxd3 Kc6 17. Bxf6 gxf6 18. Rfd1 Rd8 19. c4 Bh6 20. Nxd5 Nxd5 21. Rxd5 Rxd5 22. Rxd5 b6 23. g3 Bf8 24. Kg2 Be7 25. Kf3 h5 26. h4 Rh6 27. Rf5 Rh8 28. Nc3 Rh6 29. Nd5 Bd8 30.
e4 Kd7 31. Ke3 Ke6 32. Nf4+ Ke7 33. Rxh5 Rxh5 34. Nxh5 Bc7 35. g4 Ke6 36. Nf4+ Ke5 37. Nd5 Bd8 38. f4+ Ke6 39. f5+ Ke5 40. h5 1-0

[Event "Early-Titled-Tuesday-Blitz-February-27-2024"]
[Site "Chess.com"]
[Date "2024.02.27"]
[Round "9"]
[White "Fernando_Offermann"]
[Black "vishwa_vijeta"]
[Result "0-1"]
[WhiteElo "2481"]
[BlackElo "2596"]
[TimeControl "180+1"]
[EndTime "9:42:50 PST"]
[Termination "vishwa_vijeta won by resignation"]

1. Nf3 c5 2. g3 g6 3. Bg2 Bg7 4. O-O Nc6 5. c4 e5 6. Nc3 d6 7. Ne1 Nge7 8. Nc2 O-O 9. Ne3 Rb8 10. a3 a6 11. Rb1 b5 12. cxb5 axb5 13. b4 c4 14. d3 Be6 15. dxc4 bxc4 16. Ncd5 Nd4 17.
Nxe7+ Qxe7 18. Nd5 Bxd5 19. Bxd5 c3 20. Qd3 Rfc8 21.
e3 c2 22. Rb2 e4 23. Bxe4 Ne2+ 24. Qxe2 Bxb2 25. Bd5 Qe5 26. e4 Bxc1 27. Rxc1 Qb2 28. Qe3 Rc3 29. Qf4 Rf3 30. Qd2 Rd3 31. Qf4 Qxc1+ 0-1

[Event "Early-Titled-Tuesday-Blitz-February-27-2024"]
[Site "Chess.com"]
[Date "2024.02.27"]
[Round "9"]
[White "ajedrezsinlimites"]
[Black "Schachmalanders"]
[Result "1-0"]
[WhiteElo "2569"]
[BlackElo "2459"]
[TimeControl "180+1"]
[EndTime "9:42:53 PST"]
[Termination "ajedrezsinlimites won by resignation"]

1. e4 c6 2. d4 d5 3. exd5 cxd5 4. c3 Nc6 5. Bf4 Nf6 6. Bd3 g6 7. Nf3 Bg7 8. h3 O-O 9. Nbd2 Bf5 10. Bxf5 gxf5 11. g4 Qd7 12. Ne5 Nxe5 13. Bxe5 Ne4 14. Bxg7 Kxg7 15. Rg1 Kh8 16. Nf3 f6 17. Nh4 fxg4 18.
hxg4 e5 19. Nf5 exd4 20. Qxd4 Ng5 21. Rg3 Rae8+ 22. Ne3 Re4 23. Qd3 d4 24. O-O-O Qc7 25. Nd5 Qa5 26. c4 Qxa2 27. f4 Qa1+ 28. Kc2 Qa4+ 29.
Kb1 Ne6 30. b3 Nc5 31. bxa4 Nxd3 32. Rgxd3 Rc8 33. Rxd4 Re2 34. Nxf6 Rxc4 35. Rxc4 1-0

[Event "Early-Titled-Tuesday-Blitz-February-27-2024"]
[Site "Chess.com"]
[Date "2024.02.27"]
[Round "9"]
[White "mertfelin"]
[Black "Kotofeyca"]
[Result "0-1"]
[WhiteElo "2317"]
[BlackElo "2434"]
[TimeControl "180+1"]
[EndTime "9:42:56 PST"]
[Termination "Kotofeyca won by resignation"]

1. e4 c5 2. Nf3 d6 3. d4 cxd4 4. Nxd4 Nf6 5. Nc3 a6 6. Rg1 b5 7.
a4 b4 8. Nd5 Nxe4 9. Bc4 e6 10.
Qe2 Nc5 11. c3 bxc3 12. b4 Nb7 13. Nxc3 Be7 14. Be3 O-O 15. a5 d5 16. Bd3 Bxb4 17.
Bd2 Nc5 18. Bc2 Bb7 19. f3 Nc6 20. Nxc6 Bxc6 21. Kf2 Qh4+ 22. g3 Qd4+ 23. Qe3 Qxe3+ 24. Kxe3 d4+ 25. Kxd4 Rfd8+ 26. Kc4 Rxd2 27. Kxb4 Rxc2 28.
Rac1 Rxc1 29. Rxc1 Nd3+ 0-1

[Event "Early-Titled-Tuesday-Blitz-February-27-2024"]
[Site "Chess.com"]
[Date "2024.02.27"]
[Round "9"]
[White "Grischuk"]
[Black "kleinebeer98"]
[Result "1-0"]
[WhiteElo "3061"]
[BlackElo "2907"]
[TimeControl "180+1"]
[EndTime "9:43:01 PST"]
[Termination "Grischuk won by resignation"]

1. d4 Nf6 2. c4 a6 3. Nf3 b5 4. e3 bxc4 5. Bxc4 e6 6. O-O Bb7 7. Nc3 Be7 8. d5 exd5 9. Nxd5 O-O 10. Nxe7+ Qxe7 11. b3 d6 12. Bb2 Nbd7 13. Rc1 Nc5 14. Re1 a5 15. Nd4 Qe4 16. f3 Qg6 17. e4 Rfe8 18.
Nb5 Re7 19. Nxd6 Rd7 20. Bxf7+ Rxf7 21. Nxf7 Ncxe4 22. Ne5 Qf5 23. fxe4 Nxe4 24. Qf3 1-0

[Event "Early-Titled-Tuesday-Blitz-February-27-2024"]
[Site "Chess.com"]
[Date "2024.02.27"]
[Round "9"]
[White "Semen16"]
[Black "Bilan_Danila"]
[Result "1-0"]
[WhiteElo "2731"]
[BlackElo "2554"]
[TimeControl "180+1"]
[EndTime "9:43:04 PST"]
[Termination "Semen16 won by resignation"]

1. e4 c6 2. d4 d5 3. Nc3 b5 4. exd5 b4 5. Ne4 cxd5 6. Nc5 Nf6 7. Bb5+ Bd7 8. Nxd7 Nbxd7 9. Nf3 e6 10. Bf4 Qb6 11. Qe2 Bd6 12. Bxd6 Qxd6 13. O-O O-O 14. Bd3 Rfc8 15.
Rae1 Qf4 16. g3 Qg4 17. Kg2 Ne4 18. h3 Qf5 19. Nd2 Qf6 20. Nxe4 dxe4 21. Qxe4 g6 22.
h4 Nb6 23. h5 Nd5 24. Rh1 Qg5 25. Rh4 Rc7 26. hxg6 hxg6 27. Reh1 Rac8 28. Rh8+ Kg7 29. R1h7+ Kf6 30. Qf3+ Ke7 31. Rxc8 1-0

[Event "Early-Titled-Tuesday-Blitz-February-27-2024"]
[Site "Chess.com"]
[Date "2024.02.27"]
[Round "9"]
[White "yuriydovzik"]
[Black "GoValya"]
[Result "0-1"]
[WhiteElo "2134"]
[BlackElo "2278"]
[TimeControl "180+1"]
[EndTime "9:43:06 PST"]
[Termination "GoValya won on time"]

1. a3 Nf6 2. b4 g6 3. Bb2 Bg7 4. g3 d5 5. Bg2 c6 6. Nf3 O-O 7.
O-O Nbd7 8. d3 Nb6 9. Nbd2 Na4 10. Bd4 b5 11. Nb3 Bg4 12. Qd2 Bxf3 13. Bxf3 Qc7 14.
Rac1 e5 15. Ba1 Rad8 16. c3 e4 17. Bg2 Ng4 18. e3 exd3 19. Nc5 Nxc5 20. bxc5 Ne5 21. f4 Nc4 22. Qxd3 Rfe8 23. Rce1 Nxa3 24. c4 Nxc4 25. Bxg7 Kxg7 26. Qd4+ Kg8 0-1

[Event "Early-Titled-Tuesday-Blitz-February-27-2024"]
[Site "Chess.com"]
[Date "2024.02.27"]
[Round "9"]
[White "Brahianzevich"]
[Black "TregubovP"]
[Result "0-1"]
[WhiteElo "2503"]
[BlackElo "2681"]
[TimeControl "180+1"]
[EndTime "9:43:09 PST"]
[Termination "TregubovP won by resignation"]

1. e4 c5 2. Nf3 e6 3. Nc3 Nc6 4. d4 cxd4 5. Nxd4 Nf6 6. Ndb5 Bb4 7.
a3 Bxc3+ 8. Nxc3 d5 9. exd5 exd5 10. Bd3 O-O 11. O-O d4 12. Ne4 Bf5 13. Bg5 Bxe4 14. Bxe4 h6 15. Bxf6 Qxf6 16. Re1 Rfd8 17. Qh5 Rac8 18.
Rad1 b6 19. Rd3 Ne5 20. Rg3 Re8 21. Kf1 Nc4 22. Re2 Rxe4 23. Rf3 Qe6 24. Rxe4 Nd2+ 25.
Kg1 Qxe4 26. Qxf7+ Kh8 0-1

[Event "Early-Titled-Tuesday-Blitz-February-27-2024"]
[Site "Chess.com"]
[Date "2024.02.27"]
[Round "9"]
[White "m_ezat"]
[Black "dpopadic"]
[Result "1/2-1/2"]
[WhiteElo "2488"]
[BlackElo "2354"]
[TimeControl "180+1"]
[EndTime "9:43:16 PST"]
[Termination "Game drawn by agreement"]

1. d4 Nf6 2. c4 g6 3. Nc3 Bg7 4. e4 d6 5. Be2 O-O 6. Bg5 c5 7. d5 b5 8. cxb5 a6 9. a4 Qa5 10. Bd2 Qd8 11. Nf3 Nbd7 12. O-O Ne8 13. bxa6 Bxa6 14.
Bxa6 Rxa6 15. Qe2 Ra8 16. Bf4 Nc7 17. e5 dxe5 18. Nxe5 Nxe5 19. Bxe5 Bxe5 20. Qxe5 Qd6 21. Rfe1 Rfd8 22. Qxe7 Qxe7 23. Rxe7 Nxd5 24. Nxd5 Rxd5 25. a5 Rxa5 26. Rae1 Ra2 27. R7e2 Rd4 28. h3 Rb4 29. Rc1 Rbxb2 30. Rxb2 Rxb2 31. Rxc5 Kg7 32. g3 h5 33. h4 1/2-1/2

[Event "Early-Titled-Tuesday-Blitz-February-27-2024"]
[Site "Chess.com"]
[Date "2024.02.27"]
[Round "9"]
[White "1977Ivan"]
[Black "xasid81"]
[Result "0-1"]
[WhiteElo "2725"]
[BlackElo "2572"]
[TimeControl "180+1"]
[EndTime "9:43:20 PST"]
[Termination "xasid81 won by resignation"]

1. d4 d5 2. c4 c6 3. Nc3 Nf6 4. e3 e6 5. Bd3 Nbd7 6. b3 Be7 7. Bb2 O-O 8. Nge2 b6 9. O-O Bb7 10. Ng3 c5 11. cxd5 cxd4 12. Nce4 dxe3 13. dxe6 fxe6 14. Ng5 Nc5 15. Bxf6 Bxf6 16. Bxh7+ Kh8 17. Nf7+ Rxf7 18. Qh5 Qd5 19. Bf5+ Kg8 20. Qh7+ Kf8 21. Bh3 Bxa1 22. fxe3 Rxf1+ 23. Nxf1 Bf6 0-1

[Event "Early-Titled-Tuesday-Blitz-February-27-2024"]
[Site "Chess.com"]
[Date "2024.02.27"]
[Round "9"]
[White "VitaliyChayka"]
[Black "Bkmzzzzz"]
[Result "1-0"]
[WhiteElo "2507"]
[BlackElo "2391"]
[TimeControl "180+1"]
[EndTime "9:43:29 PST"]
[Termination "VitaliyChayka won by resignation"]

1. d4 d5 2. Bf4 e6 3. e3 Nf6 4.
Nf3 Be7 5. Bg3 c5 6. Nbd2 O-O 7. c3 Nc6 8. Bd3 c4 9. Bc2 b5 10. a3 a5 11. Ne5 Bb7 12. f4 b4 13. Qf3 b3 14. Bb1 Ne8 15. Nxc6 Bxc6 16. Nxc4 Bb5 17. Nd2 Nd6 18. e4 Nc4 19. Nxc4 Bxc4 20. Bd3 Qc8 21. O-O a4 22. f5 exf5 23. exd5 g6 24.
d6 Bf6 25. Rfe1 Rd8 26. Re2 Qa6 27. Bxc4 Qxc4 28. Rae1 Ra7 29. h3 Rad7 30. Re8+ Kg7 31. Rxd8 Rxd8 32. Bf4 Qa6 33. Qe3 Rd7 34. Bh6+ 1-0

[Event "Early-Titled-Tuesday-Blitz-February-27-2024"]
[Site "Chess.com"]
[Date "2024.02.27"]
[Round "9"]
[White "1mbl4"]
[Black "NewBornNow"]
[Result "0-1"]
[WhiteElo "2614"]
[BlackElo "2874"]
[TimeControl "180+1"]
[EndTime "9:43:30 PST"]
[Termination "NewBornNow won by checkmate"]

1. e4 c5 2. Nf3 d6 3. Nc3 a6 4. d4 cxd4 5. Nxd4 Nf6 6. g3 e5 7. Nb3 Be7 8. Bg2 O-O 9. O-O b5 10. Be3 Bb7 11. a4 b4 12. Nd5 Nxd5 13. exd5 a5 14. c4 bxc3 15. bxc3 Ba6 16. Re1 Nd7 17.
Rc1 Bc4 18. Nd2 Rc8 19. Nxc4 Rxc4 20. Bf1 Rc7 21. Bb5 Bg5 22. Bxd7 Bxe3 23. Rxe3 Qxd7 24. Qb3 Rb7 25. Qc2 Rc8 26. Re4 g6 27. Qd3 Rbc7 28.
Qa6 Rc5 29. Rd1 Qc7 30. Rb1 Rxd5 31. c4 Rc5 32. Rb7 Qc6 33. Qa7 Rf8 34. Rh4 Rxc4 35. Re7 Rc1# 0-1

[Event "Early-Titled-Tuesday-Blitz-February-27-2024"]
[Site "Chess.com"]
[Date "2024.02.27"]
[Round "9"]
[White "janhelmer03"]
[Black "OneTrickPony_82"]
[Result "0-1"]
[WhiteElo "2360"]
[BlackElo "2544"]
[TimeControl "180+1"]
[EndTime "9:43:31 PST"]
[Termination "OneTrickPony_82 won on time"]

1. d4 Nf6 2. c4 e6 3. Nf3 d5 4. Nc3 c6 5. Qd3 dxc4 6. Qxc4 b5 7. Qd3 Bb7 8. Bg5 Nbd7 9. e4 h6 10. Bh4 g5 11. Bg3 a6 12. Be2 Be7 13. e5 Nd5 14. Ne4 c5 15. Nd6+ Bxd6 16. exd6 c4 17. Qd2 N7f6 18.
Be5 Ne4 19. Qc2 Nb4 20. Qb1 f6 21. Bg3 Kf7 22. a3 Nxg3 23. hxg3 Nd5 24. Nd2 f5 25. Bh5+ Kg7 26. g4 Nf4 27. gxf5 Nd3+ 28. Kf1 exf5 29. b3 Qxd6 30. bxc4 Qxd4 31. Kg1 Qxf2+ 0-1

[Event "Early-Titled-Tuesday-Blitz-February-27-2024"]
[Site "Chess.com"]
[Date "2024.02.27"]
[Round "9"]
[White "NovakRatko"]
[Black "rhungaski"]
[Result "0-1"]
[WhiteElo "2475"]
[BlackElo "2593"]
[TimeControl "180+1"]
[EndTime "9:43:33 PST"]
[Termination "rhungaski won on time"]

1. d4 Nf6 2. c4 e5 3. dxe5 Ng4 4. Nf3 Bc5 5. e3 Nc6 6. Be2 O-O 7. a3 a5 8. Nc3 Ncxe5 9. Nxe5 Nxe5 10. Rb1 Re8 11. b4 axb4 12. axb4 Ba7 13. Ra1 c6 14. c5 d5 15.
cxd6 Qh4 16. Bd2 Re6 17. b5 Rxd6 18. b6 Bg4 19. Bxg4 Nd3+ 0-1

[Event "Early-Titled-Tuesday-Blitz-February-27-2024"]
[Site "Chess.com"]
[Date "2024.02.27"]
[Round "9"]
[White "LiadCuba"]
[Black "RandomNoob04"]
[Result "1-0"]
[WhiteElo "2509"]
[BlackElo "2609"]
[TimeControl "180+1"]
[EndTime "9:43:36 PST"]
[Termination "LiadCuba won by resignation"]

1. d4 Nf6 2. c4 c5 3. d5 b5 4. cxb5 a6 5. f3 axb5 6. e4 Qa5+ 7. Bd2 Qb6 8. Na3 c4 9. Nc2 e6 10. dxe6 Bc5 11. exf7+ Kxf7 12. Nh3 d5 13. a4 Bxh3 14. gxh3 dxe4 15. axb5 exf3 16. Bxc4+ Kg6 17. Rxa8 Qb7 18. Bd3+ Kf7 19. Be3 f2+ 20. Kxf2 Bxe3+ 21. Nxe3 Qxa8 22. Bc4+ Kf8 23. Qe1 Nbd7 24. Qb4+ Ke8 25. Re1 Rf8 26. Nf5+ Ne4+ 27. Rxe4+ Qxe4 28. Bf7+ Kxf7 29. Qxe4 Kg6 30. Qe6+ Nf6 31. Ne7+ Kg5 32. Kg2 Nh5 33. Qg4+ Kh6 34. Nf5+ Rxf5 35. Qxf5 g6 36. Qf8+ Kg5 37. b6 1-0

[Event "Early-Titled-Tuesday-Blitz-February-27-2024"]
[Site "Chess.com"]
[Date "2024.02.27"]
[Round "9"]
[White "viktorgen2021"]
[Black "Grandmaster1369"]
[Result "0-1"]
[WhiteElo "2522"]
[BlackElo "2758"]
[TimeControl "180+1"]
[EndTime "9:43:38 PST"]
[Termination "Grandmaster1369 won by resignation"]

1. d4 Nf6 2. Nf3 e6 3. g3 d5 4. c4 Bb4+ 5. Bd2 Qe7 6. Bg2 Ne4 7. O-O Nxd2 8. Nbxd2 c6 9. e4 O-O 10. a3 Bd6 11. exd5 exd5 12. cxd5 cxd5 13. Re1 Qf6 14. Ne5 Nc6 15. Ndf3 Bf5 16. Nxc6 bxc6 17. Ne5 Rac8 18. Rc1 c5 19. Nf3 Be4 20. dxc5 Bxc5 21. b4 Bb6 22. Qb3 g5 23. Rxc8 Rxc8 24. Rf1 Rc3 25. Qb2 Rxf3 0-1

[Event "Early-Titled-Tuesday-Blitz-February-27-2024"]
[Site "Chess.com"]
[Date "2024.02.27"]
[Round "9"]
[White "stollenmonster"]
[Black "124chess"]
[Result "1-0"]
[WhiteElo "2888"]
[BlackElo "2561"]
[TimeControl "180+1"]
[EndTime "9:43:42 PST"]
[Termination "stollenmonster won by resignation"]

1. e4 d5 2. Nc3 dxe4 3. Nxe4 Qd5 4. Nc3 Qd6 5. g3 Nf6 6. Bg2 c6 7. Nge2 Bf5 8. O-O e6 9. d4 Be7 10. h3 O-O 11. Nf4 h6 12. Be3 Nbd7 13. Nd3 Nd5 14. Nxd5 cxd5 15. c3 Qb6 16. Qd2 Nf6 17. Nc5 Qc6 18.
Bf4 b6 19. Nd3 Ne4 20. Qe2 Qb5 21. Rfd1 Rac8 22. Rac1 a5 23. h4 a4 24. a3 Bh7 25.
Bf1 Bf6 26. Qe3 Qd7 27. Ne5 Bxe5 28. dxe5 Nc5 29. Rd4 Nb3 30. Rcd1 Nxd4 31. Rxd4 Qc6 32. Bxh6 gxh6 33. Qxh6 Qc7 34. Rg4+ Bg6 35. h5 Qxe5 36. hxg6 Qh8 37. Qxh8+ Kxh8 38. g7+ Kg8 39. gxf8=Q+ Kxf8 40. Rxa4 1-0

[Event "Early-Titled-Tuesday-Blitz-February-27-2024"]
[Site "Chess.com"]
[Date "2024.02.27"]
[Round "9"]
[White "Alexei_Gubajdullin"]
[Black "carlocapau"]
[Result "1-0"]
[WhiteElo "2647"]
[BlackElo "2479"]
[TimeControl "180+1"]
[EndTime "9:43:42 PST"]
[Termination "Alexei_Gubajdullin won by resignation"]

1. d4 Nf6 2. Nf3 g6 3. Bf4 Bg7 4. e3 O-O 5. Be2 d6 6. O-O c5 7.
c3 b6 8. h3 Bb7 9. Nbd2 Nbd7 10.
a4 a6 11. Bh2 Ra7 12. Qb3 Qa8 13.
Nc4 Bd5 14. Qa3 Ne4 15. Rfd1 Rc8 16. Ncd2 Nxd2 17. Rxd2 Nf6 18. Rdd1 Ne4 19. Ne1 Rac7 20. Bf3 Nf6 21. Bxd5 Qxd5 22. dxc5 Qxc5 23. Nd3 Qxa3 24.
Rxa3 Ne4 25. Rb3 Nc5 26. Rxb6 a5 27. Nxc5 Rxc5 28. Bf4 f5 29. Ra1 Rd5 30. Rb5 Rcc5 31. Rxc5 dxc5 32. Kf1 Rd2 33. Rb1 c4 34. Ke1 Rxb2 35.
Rxb2 1-0

[Event "Early-Titled-Tuesday-Blitz-February-27-2024"]
[Site "Chess.com"]
[Date "2024.02.27"]
[Round "9"]
[White "koncheto"]
[Black "ValeriyGrinev"]
[Result "0-1"]
[WhiteElo "2462"]
[BlackElo "2585"]
[TimeControl "180+1"]
[EndTime "9:43:44 PST"]
[Termination "ValeriyGrinev won by resignation"]

1. e4 c5 2. Nf3 Nc6 3. d4 cxd4 4. Nxd4 e5 5. Nb5 d6 6. c4 a6 7. N5a3 Nf6 8. Nc3 Be7 9. Be2 O-O 10. O-O Be6 11. Be3 Rc8 12. Qd2 h6 13. Nc2 Ng4 14. Bxg4 Bxg4 15. Rac1 Be6 16. b3 f5 17. exf5 Bxf5 18. f4 Bf6 19. Nd5 exf4 20. Nxf6+ Qxf6 21. Rxf4 Qg6 22. Nd4 Nxd4 23. Qxd4 Bd7 24. Rd1 Bc6 25.
Rg4 Qf6 26. Qxf6 Rxf6 27. Rgd4 Re8 28. Bf2 Re2 29. Rf1 Rxa2 30. b4 Rb2 31. c5 dxc5 32. bxc5 Rc2 33. h3 Kh7 34. Rb4 Rg6 35. g4 Rf6 36. Rd4 Rf3 37. h4 Rh3 0-1

[Event "Early-Titled-Tuesday-Blitz-February-27-2024"]
[Site "Chess.com"]
[Date "2024.02.27"]
[Round "9"]
[White "kingofthenil"]
[Black "Practical-Play"]
[Result "1-0"]
[WhiteElo "2747"]
[BlackElo "2582"]
[TimeControl "180+1"]
[EndTime "9:43:48 PST"]
[Termination "kingofthenil won by resignation"]

1. Nf3 c5 2. g3 Nc6 3. Bg2 e5 4. e4 Nf6 5. O-O d6 6. Re1 g6 7. c3 Bg4 8. h3 Bd7 9. d4 cxd4 10. cxd4 exd4 11. Nxd4 Bg7 12. Nb5 O-O 13. Nxd6 Be6 14. Nc3 Qb6 15. Na4 Qc7 16. e5 Nxe5 17. Bf4 Nfd7 18. Rc1 Qa5 19. Nxb7 Qb5 20. Nd6 Qa5 21. a3 Rab8 22. b4 Qd8 23. Nc5 Nxc5 24. bxc5 f6 25. c6 Qc7 26. Ne4 Rfd8 27. Qa4 Rb6 28. Nc5 Bd5 29.
Na6 Qc8 30. c7 Rdd6 31. Bxe5 fxe5 32. Bxd5+ Rxd5 33. Nb4 Rd7 34. Qxd7 1-0

[Event "Early-Titled-Tuesday-Blitz-February-27-2024"]
[Site "Chess.com"]
[Date "2024.02.27"]
[Round "9"]
[White "leclash"]
[Black "ImportedItalianMaple"]
[Result "1-0"]
[WhiteElo "2434"]
[BlackElo "2538"]
[TimeControl "180+1"]
[EndTime "9:43:50 PST"]
[Termination "leclash won by checkmate"]

1. d4 g6 2. c4 Bg7 3. e4 c6 4. Nc3 d5 5. cxd5 cxd5 6. e5 Nc6 7.
Nf3 Bg4 8. Be2 f6 9. O-O fxe5 10. Nxe5 Bxe2 11. Nxc6 Bxd1 12. Nxd8 Rxd8 13. Rxd1 Nf6 14. Bf4 Kf7 15. Be5 a6 16. Rac1 e6 17. f3 Rc8 18. Na4 Nd7 19. Bxg7 Kxg7 20. Kf2 Kf7 21. b4 Ke7 22. Ke3 Kd6 23. Nc5 Nxc5 24. bxc5+ Kc6 25.
Rb1 Rc7 26. Rb6+ Kd7 27. Rdb1 Rb8 28. Rd6+ Ke7 29. Rbb6 Kf7 30. Rxe6 Rd7 31. Rbd6 Rbd8 32. Rf6+ Ke7 33. Rde6# 1-0

[Event "Early-Titled-Tuesday-Blitz-February-27-2024"]
[Site "Chess.com"]
[Date "2024.02.27"]
[Round "9"]
[White "ViktoriyaTarasova"]
[Black "lluiss"]
[Result "1-0"]
[WhiteElo "2319"]
[BlackElo "2162"]
[TimeControl "180+1"]
[EndTime "9:43:52 PST"]
[Termination "ViktoriyaTarasova won by resignation"]

1. d4 d5 2. c4 c6 3. Nf3 e6 4. e3 f5 5. Bd3 Nf6 6. O-O Be7 7. b3 O-O 8. Bb2 Bd7 9. Ne5 Be8 10. Nd2 Nbd7 11.
Nxd7 Qxd7 12. Qc2 Rc8 13. Nf3 Bh5 14. Ne5 Qd8 15. f3 c5 16. Qe2 cxd4 17. exd4 Qb6 18. c5 Qc7 19. Rfe1 Rce8 20. Bb5 Rd8 21. Qe3 a6 22. Bf1 Rde8 23. Rac1 Bd8 24. b4 Nd7 25. Nd3 Bf6 26. a4 g5 27. b5 axb5 28. axb5 Bg6 29. c6 bxc6 30. bxc6 Nb6 31. Nb4 f4 32.
Qd2 Be7 33. Na6 Qa7 34. Rxe6 Bb4 35. Rxg6+ hxg6 36. Qxb4 Ra8 37. c7 Qxa6 38. Bxa6 1-0